 Dungeon Crawl Stone Soup version 0.29.1-2-gbd0b4ee654 (webtiles) character file.

Game seed: 5847237284681228658

31 sanboga the Trooper (level 3, -2/43 HPs)
             Began as a Demonspawn Berserker on Nov 29, 2022.
             Was a Follower of Trog.
             Slain by an orc
             ... wielding a +0 short sword
              (3 damage)
             ... on level 3 of the Dungeon.
             The game lasted 00:01:27 (1433 turns).

sanboga the Trooper (Demonspawn Berserker)          Turns: 1433, Time: 00:01:27

Health: -2/43      AC:  2    Str: 19    XL:     3   Next: 7%
Magic:  3/3        EV: 12    Int: 14    God:    Trog [*.....]
Gold:   12         SH:  0    Dex: 12    Spells: 2/2 levels left

rFire   . . .      SeeInvis .   a - +0 mace
rCold   . . .      Faith    .   (no shield)
rNeg    . . .      Spirit   .   b - +0 animal skin
rPois   .          Reflect  .   (no helmet)
rElec   .          Harm     .   (no cloak)
rCorr   .          Rampage  .   (no gloves)
Will    +....                   (no boots)
Stlth   ..........              (no amulet)
HPRegen 0.14/turn               g - +6 ring of intelligence
MPRegen 0.08/turn               i - ring of willpower

@: berserking, very quick
A: foul stench 1, demonic touch 1
a: Renounce Religion, Berserk


You were on level 3 of the Dungeon.
You worshipped Trog.
Trog was aware of your devotion.
You visited 1 branch of the dungeon, and saw 3 of its levels.

You collected 12 gold pieces.

Inventory:

Hand Weapons
 a - a +0 mace (weapon)
Armour
 b - a +0 animal skin (worn)
Jewellery
 g - a +6 ring of intelligence (left hand)
 i - a ring of willpower (right hand)
Scrolls
 c - a scroll of summoning {unknown}
 d - a scroll of amnesia {unknown}
 e - a scroll of blinking {unknown}
 k - a scroll of identify {unknown}
Potions
 f - a potion of curing {unknown}
 h - 2 potions of flight {unknown}
 j - 2 potions of brilliance {unknown}


   Skills:
 + Level 3.3 Fighting
 * Level 3.3 Maces & Flails
 + Level 2.2 Armour
 - Level 1.7 Dodging


You had 2 spell levels left.
You didn't know any spells.
Your spell library was empty.

Dungeon Overview and Level Annotations

Branches:
Dungeon (3/15)

Altars:


Innate Abilities, Weirdness & Mutations

You may rarely emit foul miasma when damaged in melee.
Your touch may inflict minor irresistible damage on your foes.


Message History

You feel stronger. x2; Your demonic ancestry asserts itself...
You begin to emit a foul stench of rot and decay.
You closely miss the orc wizard. The orc barely misses you.
The orc wizard hits you with a +0 dagger.
You hit the orc wizard.
The orc wizard is heavily wounded.
The orc wizard casts a spell at you. The magic dart hits you.
The orc hits you with a +0 short sword. The orc wizard casts a spell at you.
The magic dart hits you! The orc closely misses you. The orc barely misses you.
You barely miss the orc wizard.
The orc wizard is heavily wounded.
The orc hits you but does no damage. The orc hits you with a +0 short sword.
* * * LOW HITPOINT WARNING * * *
You emit a cloud of foul miasma!
The orc wizard barely misses you.
You barely miss the orc wizard.
The orc wizard is heavily wounded.
The orc barely misses you.
The orc is engulfed in dark miasma.
The orc is poisoned.
The orc closely misses you. The orc wizard closely misses you.
A red film seems to cover your vision as you go berserk!
You feel yourself moving faster!
You feel mighty! The orc hits you with a +0 short sword.
* * * LOW HITPOINT WARNING * * *
The orc is engulfed in dark miasma.
The orc looks even sicker.
You kill the orc!
Trog accepts your kill. The orc wizard closely misses you.
You miss the orc wizard.
The orc wizard is moderately wounded.
The orc barely misses you.
The orc wizard gestures wildly while chanting.
The orc wizard flickers and vanishes!
Deactivating autopickup; reactivate with Ctrl-A.
You sock something! Trog accepts your kill.
Trog appreciates your killing of a magic user.
Reactivating autopickup.
You feel a bit more experienced. The orc hits you with a +0 short sword.
You die...

#.# #.# #.#
###.### .....
...# #)o#
#@☼# #..##
##...##
##.....##
#.......#
##.....##
##...###
#.....#
#######.###.#


You could see an orc.

Vanquished Creatures
  An orc wizard (D:3)
  A dart slug (D:1)
  4 orcs (D:3)
  An endoplasm (D:2)
  2 giant cockroaches (D:1)
  3 goblins (D:1)
  A hobgoblin (D:1)
  2 kobolds
  A quokka (D:1)
  2 ball pythons (D:1)
  A frilled lizard (D:1)
  6 rats
25 creatures vanquished.

Notes
Turn   | Place    | Note
-------+----------+-------------------------------------------
     0 | D:1      | sanboga the Demonspawn Berserker began the quest for the
                  | Orb.
     0 | D:1      | Reached XP level 1. HP: 18/18 MP: 1/1
   344 | D:1      | Discovered your monstrous ancestry.
   344 | D:1      | Gained mutation: Your touch may inflict minor irresistible
                  | damage on your foes. [demonic ancestry]
   344 | D:1      | Reached XP level 2. HP: 24/24 MP: 2/2
  1427 | D:3      | Gained mutation: You may rarely emit foul miasma when
                  | damaged in melee. [demonic ancestry]
  1427 | D:3      | Reached XP level 3. HP: 21/29 MP: 3/3
  1431 | D:3      | HP: 1/43 [orc/+0 short sword (5)]
  1433 | D:3      | Slain by an orc

Illustrated notes

Levels and vault maps discovered:
D:1:      dpeg_arrival_simpleton_a, layout_basic, minmay_crystal_water
D:2:      layout_basic, ebering_ecumenical_altar_box, roderic_serpentine_path
D:3:      layout_loops_ring, st_stairs_9

Skill      XL: |  1 |
---------------+----+-----
Maces & Flails | 3 |  3.3
Armour         | 2 |  2.2
Fighting       | |  3.3
Dodging        | |  1.7

Action                   || total
-------------------------++-------
Melee: Mace              ||    52
       Touch             ||     3
Invok: Berserk           ||     1
 Stab: Sleeping          ||     2
Armor: Animal skin       ||     6
Dodge: Dodged            ||    34
